 Dungeon Crawl Stone Soup version 0.23.1-37-gaa34b87 (webtiles) character file.

Game seed: 16284776952094215704

167 Fang the Skirmisher (level 5, -2/34 HPs)
             Began as a Gargoyle Berserker on Mar 27, 2019.
             Was a Priest of Trog.
             Killed from afar by Sigmund (4 damage)
             ... with a puff of flame
             ... on level 3 of the Dungeon.
             The game lasted 00:03:40 (2329 turns).

Fang the Skirmisher (Gargoyle Berserker)            Turns: 2329, Time: 00:03:41

Health: -2/34      AC:  9    Str: 21    XL:     5   Next: 48%
Magic:  5/5        EV: 12    Int:  8    God:    Trog [***...]
Gold:   156        SH:  0    Dex:  9    Spells: 4/4 levels left

rFire    + . .     SeeInvis .   a - +0 hand axe
rCold    . . .     Gourm    .   (no shield)
rNeg     + . .     Faith    .   b - +0 animal skin
rPois    ∞         Spirit   .   d - +2 helmet
rElec    +         Reflect  .   (no cloak)
rCorr    .         Harm     .   (no gloves)
MR       .....                  (no boots)
Stlth    +.........             (no amulet)
HPRegen  0.11/turn              h - ring of protection from fire
MPRegen  0.09/turn              (no ring)

@: berserk cooldown, slowed, very slow
A: negative energy resistance 1, electricity resistance, unbreathing,
petrification resistance, rot immunity, AC +4
a: Berserk, Trog's Hand, Renounce Religion


You were on level 3 of the Dungeon.
You worshipped Trog.
Trog was most pleased with you.
You were hungry.

You visited 1 branch of the dungeon, and saw 3 of its levels.

You collected 156 gold pieces.

Inventory:

Hand Weapons
 a - a +0 hand axe (weapon)
Armour
 b - a +0 animal skin (worn)
 d - a +2 helmet (worn)
Jewellery
 h - a ring of protection from fire (left hand)
Wands
 o - a wand of flame (17)
 r - a wand of random effects (19)
Scrolls
 f - a scroll of noise {unknown}
 i - a scroll of enchant weapon {unknown}
 k - 4 scrolls of identify {unknown}
 l - a scroll of enchant armour {unknown}
 m - 2 scrolls of teleportation {unknown}
 p - 2 scrolls of blinking {unknown}
 s - a scroll of fear {unknown}
Potions
 e - a potion of magic {unknown}
 g - a potion of degeneration {unknown}
 j - a potion of haste {unknown}
 n - a potion of heal wounds {unknown}
 q - a potion of might {unknown}
 u - a potion of flight {unknown}
Comestibles
 c - 7 rations
 t - 7 chunks of flesh


   Skills:
 + Level 4.3 Fighting
 + Level 3.5 Axes
 + Level 3.5 Armour
 + Level 2.6 Dodging


You had 4 spell levels left.
You didn't know any spells.
Your spell library was empty.

Dungeon Overview and Level Annotations

Branches:
Dungeon (3/15)

Altars:
Ashenzari
Gozag
Okawaru
Qazlal
Trog
Uskayaw

Annotations:
D:3 Sigmund


Innate Abilities, Weirdness & Mutations

You are resistant to torment.
Your stone body is resilient. (AC +4)
You are immune to poison.
You resist negative energy. (rN+)
You are resistant to electric shocks. (rElec)
You can survive without breathing.
You are immune to petrification.
You are immune to rotting.


Message History

You feel less confused. The worm bites you but does no damage.
Something hits you but does no damage.
You miss something. You hit the worm. The worm bites you.
Something hits you but does no damage.
You miss something. You hit the worm but do no damage. The worm bites you.
* * * LOW HITPOINT WARNING * * *
Something hits you.
* * * LOW HITPOINT WARNING * * *
You hit something. You hit the worm. The worm bites you but does no damage.
You hear some strange, mumbled words.
A puff of flame appears from out of thin air!
The puff of flame misses you.
You barely miss something. You completely miss the worm.
Something hits you but does no damage. The worm bites you.
* * * LOW HITPOINT WARNING * * *
You barely miss something. You hit the worm.
You hear some strange, mumbled words.
A puff of flame appears from out of thin air!
The puff of flame hits you. You resist.
You die...

##.## ####.
..... ## ... #
... # #.#
############
#.#
#...........
####)#
#.##########
#...w# .#.#
#####
#..@.##<#.#
.....
#.......#.#
#####
####(...#.#
#.####.# #
######)##...#
#
#.......(#.#.#
#
#........#.#<#
#
#..........#.#
#
#........###.#


You could see a worm.

Vanquished Creatures
  Crazy Yiuf (D:2)
  A worker ant (D:2)
  Robin (D:2)
  A gnoll (D:2)
  An adder (D:3)
  An ooze (D:1)
  2 dart slugs
  A leopard gecko (D:1)
  2 orcs
  4 ball pythons
  4 bats
  3 giant cockroaches
  11 goblins
  16 hobgoblins
  2 quokkas (D:3)
  2 frilled lizards
  11 kobolds
  5 rats
  2 fungi (D:2)
71 creatures vanquished.

Notes
Turn   | Place    | Note
-------+----------+-------------------------------------------
     0 | D:1      | Fang the Gargoyle Berserker began the quest for the Orb.
     0 | D:1      | Reached XP level 1. HP: 14/14 MP: 1/1
    36 | D:1      | Reached XP level 2. HP: 18/19 MP: 2/2
   389 | D:1      | Reached XP level 3. HP: 23/23 MP: 3/3
   820 | D:2      | Reached ** piety under Trog
   863 | D:2      | Found a hide-covered altar of Uskayaw.
   863 | D:2      | Found a bloodstained altar of Trog.
  1051 | D:2      | Found an iron altar of Okawaru.
  1247 | D:2      | Found a shattered altar of Ashenzari.
  1247 | D:2      | Found an opulent altar of Gozag.
  1248 | D:2      | Found a stormy altar of Qazlal.
  1256 | D:2      | Noticed Robin
  1259 | D:2      | Reached XP level 4. HP: 29/29 MP: 4/4
  1274 | D:2      | Killed Robin
  1274 | D:2      | Reached skill level 4 in Fighting
  2048 | D:2      | Found a runed translucent door.
  2049 | D:2      | Noticed Crazy Yiuf
  2057 | D:2      | Killed Crazy Yiuf
  2057 | D:2      | Reached XP level 5. HP: 33/33 MP: 5/5
  2230 | D:3      | Reached *** piety under Trog
  2302 | D:3      | Noticed Sigmund
  2329 | D:3      | Killed from afar by Sigmund

Skill      XL: |  1  2  3  4 |
---------------+-------------+-----
Axes           | 3 |  3.5
Dodging        | 2 |  2.6
Armour         | 3 |  3.5
Fighting       | 4 |  4.3

Action                   |  1- 3 |  4- 6 || total
-------------------------+-------+-------++-------
Melee: Hand axe          |    96 |   156 ||   252
Invok: Berserk           |       |     3 ||     3
  Eat: Chunk             |     1 |     6 ||     7
Armor: Animal skin       |    53 |    58 ||   111
Dodge: Dodged            |    57 |    91 ||   148
